 Dungeon Crawl Stone Soup version 0.22.0 (webtiles) character file.

100 Jannitor the Skirmisher (level 4, -13/41 HPs)
             Began as a Hill Orc Fighter on Aug 11, 2018.
             Was a Follower of Qazlal.
             Mangled by an ogre
             ... wielding a +0 giant club
              (27 damage)
             ... on level 3 of the Dungeon.
             The game lasted 00:02:14 (1911 turns).

Jannitor the Skirmisher (Hill Orc Fighter)          Turns: 1911, Time: 00:02:14

Health: -13/41     AC: 10    Str: 19    XL:     4   Next: 73%
Magic:  4/4        EV:  5    Int:  8    God:    Qazlal [*.....]
Gold:   98         SH: 11    Dex: 10    Spells: 3/3 levels left

rFire    + . .     SeeInvis .   a - +0 war axe
rCold    . . .     Gourm    .   c - +0 shield
rNeg     . . .     Faith    .   d - +1 chain mail {rF+}
rPois    .         Spirit   .   (no helmet)
rElec    .         Reflect  .   (no cloak)
rCorr    .         Harm     .   (no gloves)
MR       .....                  (no boots)
Stlth    ..........             (no amulet)
HPRegen  0.13/turn              (no ring)
MPRegen  0.09/turn              (no ring)

@: no status effects
A: no striking features
a: Renounce Religion


You were on level 3 of the Dungeon.
You worshipped Qazlal.
Qazlal was aware of your devotion.
You were not hungry.

You visited 1 branch of the dungeon, and saw 3 of its levels.

You collected 98 gold pieces.

Inventory:

Hand Weapons
 a - a +0 war axe (weapon)
Armour
 b - a +0 scale mail
 c - a +0 shield (worn)
 d - a +1 chain mail of fire resistance (worn)
Scrolls
 g - 2 scrolls of teleportation {unknown}
 h - 2 scrolls of remove curse {unknown}
 j - a scroll of amnesia {unknown}
 l - a scroll of immolation {unknown}
Potions
 e - a potion of flight {unknown}
 i - a potion of curing {unknown}
 m - 2 potions of degeneration {unknown}
 n - a potion of heal wounds {unknown}
 o - 2 potions of brilliance {unknown}
Comestibles
 f - 5 rations
 k - 8 chunks of flesh


   Skills:
 + Level 4.4 Fighting
 + Level 3.8 Axes
 + Level 4.0 Armour
 + Level 4.0 Shields
 + Level 1.0 Invocations


You had 3 spell levels left.
You didn't know any spells.
Your spell library was empty.

Dungeon Overview and Level Annotations

Branches:
Dungeon (3/15)

Altars:
Qazlal

Annotations:
D:2 1 runed door


Message History

You kill the rat!
Qazlal accepts your kill.
You hit the ogre.
The ogre is lightly wounded.
The ogre hits you with a giant club!
A jackal comes into view.
The jackal barks!
You hit the ogre.
The ogre is moderately wounded.
You block the ogre's attack.
You slash the ogre!
The ogre is almost dead.
The ogre hits you with a giant club!!
Ouch! That really hurt!
A goblin comes into view. It is wielding a whip.
You are too injured to fight recklessly!
You are too injured to fight recklessly!
The ogre hits you with a giant club!!
Ouch! That really hurt!
You die...

#.###$#
#.####....##.#..
#................
#.
...$.....########
#.# ########h# #.#
#h# #.# #.# #.# #O#
#.# #@# #.. #.#
###..
#.############...#
#......รท.........#
##############...#
##.## #.## #...
####


You could see an ogre and 2 jackals.

Vanquished Creatures
  Terence (D:2)
  An adder (D:2)
  3 worms
  2 dart slugs (D:2)
  A leopard gecko (D:3)
  A ball python (D:2)
  2 giant cockroaches
  7 goblins
  6 hobgoblins
  12 bats
  6 frilled lizards
  6 kobolds
  6 rats
54 creatures vanquished.

Notes
Turn   | Place    | Note
-------+----------+-------------------------------------------
     0 | D:1      | Jannitor the Hill Orc Fighter began the quest for the Orb.
     0 | D:1      | Reached XP level 1. HP: 19/19 MP: 1/1
   215 | D:1      | Reached XP level 2. HP: 27/27 MP: 2/2
   546 | D:1      | Reached XP level 3. HP: 33/33 MP: 3/3
   984 | D:2      | Found a faded altar of an unknown god.
  1040 | D:2      | Became a worshipper of Qazlal Stormbringer
  1040 | D:2      | Reached * piety under Qazlal
  1073 | D:2      | Reached XP level 4. HP: 38/40 MP: 4/4
  1227 | D:2      | Noticed Terence
  1260 | D:2      | Killed Terence
  1608 | D:2      | Found a runed door.
  1888 | D:3      | Reached skill level 1 in Invocations
  1898 | D:3      | Noticed an ogre
  1911 | D:3      | Mangled by an ogre

Skill      XL: |  1  2  3  4 |
---------------+-------------+-----
Axes           | 3 |  3.8
Fighting       | 4 |  4.4
Shields        | 4 |  4.0
Armour         | 4 |  4.0
Invocations    | 1 |  1.0

Action                   |  1- 3 |  4- 6 || total
-------------------------+-------+-------++-------
Melee: War axe           |   114 |    40 ||   154
  Use: Potion            |       |     1 ||     1
  Eat: Chunk             |     1 |     2 ||     3
Armor: Scale mail        |    62 |    11 ||    73
       Chain mail        |       |     3 ||     3
Dodge: Dodged            |    42 |     9 ||    51
Block: Shield            |    61 |    20 ||    81
